 Dungeon Sprint DCSS version 0.29-a0-337-g68df138881 (webtiles) character file.

Game seed: 267384160445545959

532 mhtbhm the Protected (level 7, -5/71 HPs)
             Began as a Minotaur Fighter on Apr 16, 2022.
             Killed from afar by Erica (25 damage)
             ... with a bolt of poison
             ... in the Dungeon (Sprint III: "The Ten Rune Challenge").
             The game lasted 00:01:24 (1071 turns).

mhtbhm the Protected (Minotaur Fighter)             Turns: 1071, Time: 00:01:25

Health: -5/71      AC:  8    Str: 23    XL:     7   Next: 3%
Magic:  6/6        EV: 10    Int:  5    God:
Gold:   64         SH:  5    Dex:  9    Spells: 6/6 levels left

rFire   . . .      SeeInvis .   a - +0 war axe
rCold   + . .      Faith    .   c - +0 buckler
rNeg    . . .      Spirit   .   b - +0 scale mail
rPois   .          Reflect  .   (helmet restricted)
rElec   .          Harm     .   (no cloak)
rCorr   .          Rampage  .   (no gloves)
Will    .....      Clarity  +   (no boots)
Stlth   .......... NoTele   +   (no amulet)
HPRegen 0.21/turn               (no ring)
MPRegen 0.10/turn               (no ring)

@: lethally poisoned (-5 -> -27)
A: horns 2, retaliatory headbutt, clarity, cold resistance 1
a: no special abilities


You were in the Dungeon.
You visited 1 branch You collected 64 gold pieces.

Inventory:

Hand Weapons
 a - a +0 war axe (weapon)
Armour
 b - a +0 scale mail (worn)
 c - a +0 buckler (worn)
Scrolls
 f - 2 scrolls of torment {unknown}
 j - a scroll of blinking
 l - 3 scrolls of identify
Potions
 d - a potion of might
 e - a potion of curing
 g - a potion of haste
 h - 2 potions of magic
 i - a potion of berserk rage
 k - a potion of flight {unknown}
 m - a potion of resistance {unknown}
 o - a potion of invisibility {unknown}
 p - 4 potions of mutation
Miscellaneous
 n - a piece from Xom's chessboard (15/15)


   Skills:
 + Level 9.9 Fighting
 + Level 9.0 Axes
 + Level 10.1 Armour
 + Level 3.6 Dodging
 + Level 8.6 Shields


You had 6 spell levels left.
You didn't know any spells.
Your spell library contained the following spells:

 Spells                   Type           Power      Damage    Failure   Level
 Animate Skeleton         Necr           0%         N/A       82%         1
 Apportation              Tloc           0%         N/A       82%         1
 Sting                    Tmut/Pois      0%         1d3       82%         1
 Summon Small Mammal      Summ           0%         N/A       82%         1
 Poisonous Vapours        Pois/Air       0%         N/A       91%         2
 Olgreb's Toxic Radiance  Pois           0%         N/A       100%        4


Dungeon Overview and Level Annotations

Branches:
Dungeon (1/1)

Altars:
Cheibriados
Dithmenos
Fedhas
Gozag
Hepliaklqana
Kikubaaqudgha
Makhleb
Nemelex Xobeh
Qazlal
Ru
Sif Muna
Vehumet
Xom
Yredelemnul
Jiyva
Lugonu

Annotations:
D Erica


Innate Abilities, Weirdness & Mutations

You have a pair of horns on your head.
You reflexively headbutt those who attack you in melee.
You possess an exceptional clarity of mind.
Your flesh is cold resistant. (rC+)


Message History

There is an open door here.
Erica the Fiery-Tempered comes into view.
She is wielding a +1 scimitar of flaming and wearing a +2 robe of positive energy.
You enter the shallow water.
Moving in this stuff is going to be slow.
Erica shouts!
Erica hits you with a +1 scimitar of flaming.
Erica burns you.
You hit Erica. You headbutt Erica.
Erica is lightly wounded.
You block Erica's attack.
You closely miss Erica.
Erica is lightly wounded.
Erica hits you with a +1 scimitar of flaming.
Erica burns you.
Erica hits you with a +1 scimitar of flaming.
Erica burns you.
You slash Erica! You headbutt Erica.
Erica is lightly wounded.
Erica closely misses you.
You slash Erica! You headbutt Erica!
Erica is heavily wounded.
Erica hits you with a +1 scimitar of flaming!
Erica burns you.
You slash Erica!
Erica is severely wounded.
Erica casts a spell.
Erica flickers and vanishes!
Deactivating autopickup; reactivate with Ctrl-A.
You barely miss something.
You hear some strange, mumbled words.
A bolt of poison appears from out of thin air!
The bolt of poison hits you!!
You are poisoned.
You barely miss something.
You feel very sick.
You hear some strange, mumbled words.
A bolt of poison appears from out of thin air!
The bolt of poison hits you!!
You are lethally poisoned!
You die...

.# #._#
.###+#+###)##
.#..........#
.'.⌠........#
.#...######'#
.#)⌠.#__#...#+#####
.#...#__#...#.§§§≈+
.#'###__#...#.#§§§#
.#...#__#...'.#{@.#
.#___#__'...#.#§§§#
▓▓▓▓▓▓▓▓▓▓▓▓▓▓▓▓▓▓▓


There were no monsters in sight!

Vanquished Creatures
  A shadow (D)
  A spatial vortex (D)
  A necrophage (D)
  A water elemental (D)
  A jelly (D)
  Jessica (D)
  A wizard (D)
  A necromancer (D)
  A human (D)
  A kobold demonologist (D)
  A phantom (D)
  3 rats (D)
14 creatures vanquished.

Notes
Turn   | Place    | Note
-------+----------+-------------------------------------------
     0 | D        | mhtbhm the Minotaur Fighter began the quest for the Orb.
     0 | D        | Reached XP level 1. HP: 19/19 MP: 0/0
    14 | D        | Noticed Jessica
    19 | D        | Killed Jessica
    20 | D        | Reached skill level 5 in Fighting
    20 | D        | Reached skill level 5 in Armour
    20 | D        | Reached skill level 5 in Shields
    20 | D        | Reached XP level 2. HP: 12/29 MP: 1/1
   229 | D        | Reached skill level 6 in Armour
   229 | D        | Reached XP level 3. HP: 15/36 MP: 2/2
   400 | D        | Gained mutation: You possess an exceptional clarity of
                  | mind. [potion of mutation]
   400 | D        | Gained mutation: Your flesh is cold resistant. (rC+)
                  | [potion of mutation]
   430 | D        | Noticed a water elemental
   437 | D        | Killed a water elemental
   438 | D        | Reached skill level 7 in Armour
   438 | D        | Reached skill level 1 in Dodging
   438 | D        | Reached XP level 4. HP: 13/45 MP: 3/3
   654 | D        | Found a basalt altar of Yredelemnul.
   654 | D        | Found a shadowy altar of Dithmenos.
   654 | D        | Found a sacrificial altar of Ru.
   654 | D        | Noticed a necrophage
   660 | D        | Killed a necrophage
   661 | D        | Reached skill level 5 in Axes
   661 | D        | Reached XP level 5. HP: 9/52 MP: 4/4
   666 | D        | Reached skill level 8 in Armour
   823 | D        | Found a radiant altar of Vehumet.
   823 | D        | Found a shimmering blue altar of Sif Muna.
   823 | D        | Found an ancient bone altar of Kikubaaqudgha.
   912 | D        | Reached XP level 6. HP: 59/62 MP: 5/5
   927 | D        | Noticed a shadow
   929 | D        | Killed a shadow
   930 | D        | Reached skill level 9 in Armour
   951 | D        | Found a blossoming altar of Fedhas.
   951 | D        | Found a stormy altar of Qazlal.
   951 | D        | Found a snail-covered altar of Cheibriados.
   951 | D        | Found a burning altar of Makhleb.
   951 | D        | Found a shimmering altar of Xom.
   952 | D        | Found a hazy altar of Hepliaklqana.
   952 | D        | Found an opulent altar of Gozag.
   952 | D        | Found a sparkling altar of Nemelex Xobeh.
   952 | D        | Found a corrupted altar of Lugonu.
   952 | D        | Found a viscous altar of Jiyva.
   952 | D        | Noticed a spatial vortex
   963 | D        | Killed a spatial vortex
   964 | D        | Reached skill level 10 in Armour
   964 | D        | Reached XP level 7. HP: 57/71 MP: 6/6
  1063 | D        | Noticed Erica
  1071 | D        | Killed from afar by Erica

Illustrated notes

Levels and vault maps discovered:
D:        dungeon_sprint_mu [sprint_mu_entry_forest, sprint_mu_temple_rooms,
          sprint_mu_d1_horrors, sprint_mu_d2_genie, sprint_mu_d3_branching,
          sprint_mu_orc_legion, sprint_mu_elf_gauntlet, sprint_mu_hive_nellie,
          sprint_mu_lair_fedhas, sprint_mu_vaults_butterflies,
          sprint_mu_slime_circle, sprint_mu_swamp_cave, sprint_mu_snake_twists,
          sprint_mu_blade_basic, sprint_mu_crypt_chambers,
          sprint_mu_tomb_spiral, sprint_mu_vestibule_basic,
          sprint_mu_gehenna_hellfire, sprint_mu_dis_giant,
          sprint_mu_tartarus_statrot, sprint_mu_cocytus_islands, sprint_mu_zot1]

Skill      XL: |  1  2  3  4  5  6 |
---------------+-------------------+-----
Fighting       | 5 6 7 8 9 |  9.9
Axes           | 3 4 5 6 9 |  9.0
Armour         | 5 6 7 8 10 | 10.1
Shields        | 5 6 7 8 |  8.6
Dodging        | 1 2 3 |  3.6

Action                   |  1- 3 |  4- 6 |  7- 9 || total
-------------------------+-------+-------+-------++-------
Melee: War axe           |    27 |    26 |     7 ||    60
       Headbutt          |     8 |     6 |     3 ||    17
  Use: Potion            |     2 |     1 |       ||     3
Armor: Scale mail        |     9 |     7 |       ||    16
Dodge: Dodged            |    16 |     7 |     1 ||    24
Block: Buckler           |     5 |     1 |     1 ||     7

Table legend: (Time is in decaauts)
 A = Elapsed time spent in this place.
 B = Non-inter-level travel time spent in this place.
 C = Inter-level travel time spent in this place.
 D = Time resting spent in this place.
 E = Time spent auto-exploring this place.
 F = Levels seen in this place.
 G = Mean time per level.
                   A        B        C        D        E       F      G
               +--------+--------+--------+--------+--------+-----+--------+
         Total |   1091 |   1091 |      0 |    813 |      6 |   1 | 1091.0 |
       Dungeon |   1091 |   1091 |      0 |    813 |      6 |   1 | 1091.0 |
               +--------+--------+--------+--------+--------+-----+--------+

Top non-repeatable levels by time:
       D: 1091 daAuts
